[Event "31st MPL National U18 Chess-ch 2022"]
[Site "Pollachi"]
[Date "2022.04.20"]
[Round "5.9"]
[White "Rakshith Srinivasan"]
[Black "Naveen Kanniyappan S"]
[Result "1-0"]
[ECO "C54"]
[WhiteElo "1856"]
[BlackElo "1564"]
[Annotator "NA RC COMBH"]
[PlyCount "121"]
[EventDate "2022.04.18"]
[EventCountry "IND"]
[SourceTitle "playchess.com"]
[Source "ChessBase"]
[SourceQuality "1"]
[TimeControl "5400+30"]

1. e4 e5 2. Nf3 Nc6 3. Bc4 Nf6 4. d3 Bc5 5. c3 d6 6. O-O O-O 7. Nbd2 Na5 8. Bb5 a6 9. Ba4 b5 10. Bc2 Bb6 11. a4 Bb7 12. d4 Nc6 13. d5 Ne7 14. c4 ({White should try} 14. h3 $11) 14... c6 15. b3 b4 ({Much weaker is} 15... cxd5 16. exd5 h6 17. Ba3 $11) 16. h3 a5 17. Re1 Bc8 18. Nf1 h6 19. dxc6 Nxc6 20. Be3 Bc5 21. Qe2 Qe7 22. Rad1 Ne8 23. Ng3 Qf6 (23... Nf6 $11) 24. Nf5 Kh8 25. Rd5 (25. Bxc5 $16 dxc5 26. Rd5) 25... Bxe3 $1 26. Qxe3 Bxf5 ({Black should play} 26... Ne7 $1 $14) 27. exf5 Ne7 28. Rd2 Ra6 (28... Rc8 {might work better.} 29. g4 Nc6) 29. g4 Nc6 30. Kg2 Nc7 (30... Qe7 {was necessary.} 31. Bd3 Ra7) 31. h4 Nd4 $18 32. Nxd4 exd4 33. Qg3 ({But not} 33. Rxd4 Qd8 34. Qe7 Rc6 35. Qxd8 Rxd8 $18) ({Don't take} 33. Qxd4 Qxh4 34. Rh1 Qg5 $18) 33... d3 34. Rxd3 Re8 35. Rde3 Rxe3 36. Rxe3 Ra8 37. g5 Qb2 38. Be4 Rd8 39. Qf4 Qe5 40. Kf3 Qxf4+ 41. Kxf4 Na6 42. Bd5 f6 43. Kg4 Nc5 44. Kh5 Kh7 45. gxf6 Nd7 46. Kg4 Nxf6+ 47. Kf4 Nh5+ 48. Ke4 g6 49. Be6 Nf6+ 50. Kd4 g5 51. hxg5 hxg5 52. Bd5 Rd7 53. Re6 Kg7 54. Bc6 Rd8 55. Re7+ Kh6 56. f3 g4 57. fxg4 Nxg4 58. Rd7 Rxd7 59. Bxd7 Nf6 60. Be6 Kg7 61. c5 1-0

[Event "31st MPL National U18 Chess-ch 2022"]
[Site "Pollachi"]
[Date "2022.04.20"]
[Round "5.10"]
[White "Vengatesh Krishnan C"]
[Black "Jani Kushal R"]
[Result "1-0"]
[ECO "E92"]
[WhiteElo "1506"]
[BlackElo "1746"]
[Annotator "NA RC COMBH"]
[PlyCount "81"]
[EventDate "2022.04.18"]
[EventCountry "IND"]
[SourceTitle "playchess.com"]
[Source "ChessBase"]
[SourceQuality "1"]
[TimeControl "5400+30"]

1. d4 Nf6 2. c4 g6 3. Nc3 Bg7 4. e4 d6 5. Nf3 O-O 6. Be2 e5 7. Bg5 exd4 8. Nxd4 Re8 9. f3 Nc6 10. Nc2 h6 11. Be3 Be6 12. Qd2 Ne5 13. b3 Nh5 14. O-O-O g5 15. h4 Nf4 16. hxg5 hxg5 17. Rdf1 Qf6 18. Nd1 Nc6 19. g3 Nxe2+ 20. Qxe2 Qg6 21. g4 Bf6 22. Rh5 a6 23. Qd2 Kf8 24. Bxg5 Ke7 25. Bxf6+ Qxf6 26. g5 Qg7 27. f4 Bg4 28. Nde3 Rh8 29. Rxh8 Qxh8 30. Nxg4 Qh3 31. Rg1 b5 32. Qd5 bxc4 33. Qxc6 cxb3 34. axb3 Rh8 35. Qxc7+ Kf8 36. Qd8+ Kg7 37. Qf6+ Kg8 38. Nh6+ Rxh6 39. gxh6+ Qg3 40. Rxg3+ Kf8 41. Qd8# 1-0

[Event "31st MPL National U18 Chess-ch 2022"]
[Site "Pollachi"]
[Date "2022.04.20"]
[Round "6.1"]
[White "Soham Kamotra"]
[Black "Bharath Subramaniyam H"]
[Result "1/2-1/2"]
[ECO "A25"]
[WhiteElo "2229"]
[BlackElo "2508"]
[Annotator "TA"]
[PlyCount "91"]
[EventDate "2022.04.18"]
[EventCountry "IND"]
[SourceTitle "playchess.com"]
[Source "ChessBase"]
[SourceQuality "1"]
[TimeControl "5400+30"]

1. c4 e5 2. g3 Nc6 3. Nc3 f5 4. Bg2 Nf6 5. d3 Bb4 6. Bd2 O-O 7. Nf3 d6 8. O-O Bxc3 9. Bxc3 Qe8 {[%emt 0:00:57] A25: English Opening vs King's Indian with ...Nc6 but without early d3.} 10. e3 a5 11. Nd2 Bd7 {[%emt 0:12:38] [#] White is slightly better.} 12. b3 $146 ({Predecessor:} 12. Re1 Qf7 13. Qb3 b6 14. f4 Rae8 15. a3 Nd8 16. Qc2 Bc6 17. Bxc6 Nxc6 18. b4 {½-½ (39) Muehlhausen,T-Gappel,H freechess.de 2020}) 12... Qg6 13. d4 e4 14. a3 d5 15. Qe2 Be6 16. c5 Bd7 17. Rfb1 Qe8 18. b4 axb4 19. axb4 Na7 20. Bf1 (20. Qe1 $11 {remains equal.}) 20... Bb5 $1 $17 21. Qe1 c6 22. Ra5 {[%emt 0:03:07] Threatens to win with Rba1.} Bxf1 23. Nxf1 Nb5 24. Rba1 Rc8 25. Bb2 (25. Bd2 $17 {is a better defense.}) 25... g5 $19 26. Qe2 f4 27. Nd2 (27. gxf4 $17 gxf4 28. exf4) 27... f3 28. Qf1 Qd7 29. h3 Ne8 30. Kh2 (30. Ra8 {was the only chance.}) 30... Nec7 31. g4 (31. Nb1 $17) 31... Na6 32. R5a4 Qc7+ 33. Kh1 Rf6 {[%emt 0:00:44] White must now prevent ...Rh6.} 34. Qg1 Rh6 35. Qh2 Qd7 (35... Rh4 $19 {and Black stays clearly on top. Strongly threatening ...h5.} 36. Rg1 h5 37. gxh5 Rxh5 38. Qxc7 Naxc7) 36. Nf1 $17 Rf8 37. Ng3 {[%emt 0:00:07] [#]} Nbc7 $1 38. Rg1 ({Much weaker is} 38. Nf5 $6 Rxf5 39. gxf5 Qxf5 $11) 38... Ne8 {[%emt 0:00:45] ...Ng7 is the strong threat.} 39. Nf5 Rxf5 40. gxf5 Qxf5 41. Rg3 Nf6 (41... Rh5 $17) 42. Bc3 $2 {[%emt 0:01:38] [#]} (42. b5 $1 $11 cxb5 43. Ra5) 42... Kf7 $1 {[%emt 0:00:28][%mdl 1024] Black has strong compensation.} 43. Ra1 (43. Kg1 $17) 43... Qd7 44. Kg1 ({But not} 44. Rxg5 $2 Rxh3 45. Rag1 Kf8 $19) 44... Rh5 (44... g4 $17 45. Kf1 gxh3) 45. Kf1 $1 $11 Nc7 46. Ke1 $1 {[%emt 0:00:08] Weighted Error Value: White=0.24 (precise) /Black=0.20 (precise)} 1/2-1/2

[Event "31st MPL National U18 Chess-ch 2022"]
[Site "Pollachi"]
[Date "2022.04.20"]
[Round "6.2"]
[White "Srihari L R"]
[Black "John Veny Akkarakaran"]
[Result "1/2-1/2"]
[ECO "A13"]
[WhiteElo "2400"]
[BlackElo "1687"]
[Annotator "TA"]
[PlyCount "96"]
[EventDate "2022.04.18"]
[EventCountry "IND"]
[SourceTitle "playchess.com"]
[Source "ChessBase"]
[SourceQuality "1"]
[TimeControl "5400+30"]

1. Nf3 Nf6 2. c4 e6 3. b3 d5 4. Bb2 b6 5. g3 Bb7 6. Bg2 {[%emt 0:00:29] A13: English Opening: 1...e6.} Bd6 7. O-O O-O 8. Nc3 {[%emt 0:02:07] The position is equal.} c5 {[%emt 0:04:48] 8...Nbd7 is a critical line.} 9. e3 {[%emt 0:00:57] Prevents d4.} Nbd7 10. Qe2 Rc8 11. Rfd1 Qe7 12. cxd5 {[#]} exd5 $146 ({Predecessor:} 12... Nxd5 13. Nxd5 exd5 14. Rac1 Rfe8 15. d4 c4 16. Nh4 Nf6 17. Nf5 Qd8 18. Nxd6 Qxd6 19. bxc4 {0-1 (43) Debeaune,R (2150)-Rigolot,M (2153) Besancon 2006}) 13. d4 Rfd8 14. Rac1 h6 15. dxc5 bxc5 16. Nh4 Qe6 17. Qc2 Bf8 18. Qf5 g5 19. Qxe6 fxe6 20. Ng6 Bc6 21. Nxf8 Kxf8 22. Ba3 Kf7 23. h3 (23. Nb1 {feels hotter.} Bb5 24. f4 c4 25. Nc3) 23... a5 24. Rd2 Rc7 25. Rdc2 Rdc8 26. Bf1 Rb8 {Inhibits Nb5.} 27. Be2 e5 28. Na4 Bxa4 29. bxa4 Rb6 30. Bb5 ({Don't blunder} 30. Bxc5 $2 Rbc6 31. Bd1 Rxc5 $19) 30... c4 31. Rd1 Ke6 32. f3 e4 33. f4 gxf4 34. gxf4 Nc5 35. Bb2 Nd3 36. Bc3 {[%cal Of4f5] Black must now prevent f5+! This bishop pair is nice.} (36. f5+ $5 Ke7 37. Bc3 $16) 36... Rg7+ 37. Kh2 Rb8 $1 38. Rg1 (38. Bxa5 $11 Nh5 39. a3) 38... Rxg1 $17 39. Kxg1 Ra8 (39... Rg8+ $1 $17 40. Kh2 Nh5) 40. Rg2 $11 Kf7 (40... d4 $1 $11 {keeps the balance.} 41. Bxc4+ Kf5 42. Bxd4 Ne1) 41. Kf1 Rc8 42. Ke2 {Threatens to win with f5.} (42. Bxa5 d4 43. Ba6 (43. exd4 $2 c3 $19) 43... Rc5 44. exd4 Rxa5 45. Bxc4+ Kf8 $19) 42... Ra8 $2 (42... Nb4 $16) 43. a3 $2 (43. f5 $18) 43... Nc1+ $16 44. Kd1 Nb3 {[%emt 0:00:00] [#]} 45. f5 $1 {Hoping for Rg6. &Bianco is more active.} Rc8 46. Ke2 $2 (46. Ke1 $16 {keeps the pressure on.}) 46... d4 $1 $17 {[%emt 0:00:00] Black is better.} 47. Bxd4 Nxd4+ 48. exd4 {[#]} Rc7 {[%emt 0:00:00] Weighted Error Value: White=0.27 (precise) /Black=0.23 (precise)} (48... Nd5 $1 $17 49. Rg1 Rc7) 1/2-1/2

[Event "31st MPL National U18 Chess-ch 2022"]
[Site "Pollachi"]
[Date "2022.04.20"]
[Round "6.4"]
[White "Mrithyunjay Mahadevan"]
[Black "Ayush Sharma"]
[Result "0-1"]
[ECO "C84"]
[WhiteElo "2048"]
[BlackElo "2302"]
[Annotator "TA"]
[PlyCount "74"]
[EventDate "2022.04.18"]
[EventCountry "IND"]
[SourceTitle "playchess.com"]
[Source "ChessBase"]
[SourceQuality "1"]
[TimeControl "5400+30"]

1. e4 e5 2. Nf3 Nc6 3. Bb5 a6 4. Ba4 Nf6 5. O-O b5 6. Bb3 Be7 {[%emt 0:00:29] 6...Be7 has become a bit dusty these days.} 7. d3 O-O 8. a4 {[%emt 0:00:14] [#] axb5 is the strong threat.} Rb8 {[%emt 0:02:34] C84: Closed Ruy Lopez: Unusual White 6th moves.} 9. c3 d5 10. exd5 Nxd5 {[%emt 0:00:02][%cal Bf6d5,Bd5b4,Bb4d3][%mdl 32] The position is equal.} 11. axb5 axb5 {[%emt 0:00:09] [#]} ({Resist} 11... Rxb5 12. Na3 $14 (12. c4 Rxb3 13. Qxb3 Ndb4 $11)) 12. Re1 $146 ({Predecessor:} 12. Qe2 Bf6 13. Nbd2 Nf4 14. Qe4 Bb7 15. Nxe5 Bxe5 16. Nf3 Qxd3 17. Bc2 Qxe4 18. Bxe4 Bd6 {0-1 (18) Machado,F (1792)-Renteria,R (2106) Cali 2017}) 12... Qd6 13. d4 exd4 14. Nxd4 Ndb4 15. Be3 (15. Rxe7 $2 Qxe7 16. Nxc6 Nxc6 $19) 15... Nxd4 16. Qxd4 (16. Bxd4 $5 Nc6 17. Be3 $11) 16... Nd3 17. Qxd6 Bxd6 18. Re2 Bg4 19. Rd2 Ne5 20. h3 Bf5 21. Na3 {[%emt 0:04:18] Prevents Nc4.} b4 $36 {[%emt 0:03:24][%mdl 2048] Black fights for an advantage.} 22. cxb4 Bxb4 23. Rd5 Bd6 24. Rb5 ({Better is} 24. Ba4 $11) 24... Bd3 $15 25. Rxb8 Rxb8 26. Bd5 c6 ({But not} 26... Rxb2 $6 27. f4 Nd7 28. Nc4 Bxc4 29. Ra8+ (29. Bxc4 Kf8 $15) 29... Nf8 30. Bxc4 $11) 27. Bf3 Rxb2 28. Bd1 h6 29. Bd4 Rb8 {[%emt 0:00:04] 0x0.002ceff46a3edp-1022s more active pieces.} 30. Bc2 c5 (30... Bxc2 $17 31. Nxc2 c5 32. Bxe5 Bxe5) 31. Bc3 ({White should play} 31. Bxe5 $15 Bxe5 32. Re1) 31... c4 32. Bxd3 cxd3 33. Bxe5 Bxe5 $17 {[%emt 0:00:02] KRB-KRN} 34. Rd1 Rb3 35. Nc4 Bd4 36. Nd2 Rb2 37. Ne4 (37. g4 $17) 37... Re2 {[%emt 0:00:29] Weighted Error Value: White=0.16 (very precise) /Black=0.05 (flawless)} 0-1

[Event "31st MPL National U18 Chess-ch 2022"]
[Site "Pollachi"]
[Date "2022.04.20"]
[Round "6.5"]
[White "Dhruva Thota"]
[Black "Ilamparthi A R"]
[Result "0-1"]
[ECO "B97"]
[WhiteElo "1525"]
[BlackElo "1969"]
[Annotator "TA"]
[PlyCount "101"]
[EventDate "2022.04.18"]
[EventCountry "IND"]
[SourceTitle "playchess.com"]
[Source "ChessBase"]
[SourceQuality "1"]
[TimeControl "5400+30"]

1. e4 c5 2. Nf3 d6 3. d4 cxd4 4. Nxd4 Nf6 5. Nc3 a6 6. Bg5 e6 7. f4 Qb6 8. Nb3 Nbd7 9. Qf3 Qc7 10. O-O-O b5 11. Bd3 {[%emt 0:05:16] 11.Bd3 scores better than 11.a3. B97: Sicilian Najdorf: Poisoned Pawn.} b4 12. Ne2 {[%emt 0:06:04] [#]} Rb8 $146 ({Predecessor:} 12... Bb7 13. Kb1 Be7 14. g4 O-O 15. Bxf6 Nxf6 16. g5 Nd7 17. Rhg1 Nc5 18. Nxc5 dxc5 {½-½ (27) Marczell,P (2561)-Matei,C (2527) ICCF email 2009}) 13. Ned4 {[%emt 0:10:59] White has an edge.} Be7 14. Qe2 Nc5 15. Kb1 Bb7 16. Nxc5 Qxc5 (16... dxc5 $11 17. Nf3 O-O) 17. Bxa6 {[%emt 0:00:00] [#] e5 is the strong threat.} O-O $1 18. Bxb7 Rxb7 19. Nb3 Qc7 20. e5 ({White should try} 20. h4 $16) 20... dxe5 $14 21. Qxe5 Qc8 22. Rd2 Qa8 23. f5 (23. Bxf6 $5 Bxf6 24. Qe4 $11) 23... Ra7 24. Re1 {[%emt 0:00:00] Against Ne4} (24. Re2 $14) 24... exf5 (24... h6 $1 $11 25. Bh4 Ng4) 25. Qxf5 $16 Bd8 26. Qf3 $36 {[%emt 0:00:00][%mdl 2048] White has strong initiative.} Rxa2 27. Qxa8 (27. Bf4 {seems wilder.} Bb6 28. Bd6 Rc8 29. Bxb4 Qxf3 30. gxf3 Ra4 31. c3) 27... Rxa8 28. Rd4 Rb8 29. Bd2 Bc7 30. Bxb4 Rfc8 31. Bd6 Bxd6 32. Rxd6 h5 33. Nd4 Rb7 34. Nc6 {[%emt 0:00:00] Threatens to win with Ne7+.} Kh7 35. Ne5 Re8 36. Nf3 Ra8 37. c4 Rc8 38. Rd4 Rcb8 {[%emt 0:00:42] [#]} 39. Re2 Nd7 40. Red2 Nc5 41. Rd5 Na4 {[%emt 0:00:43] And now ...Nc3+ would win.} 42. Rxh5+ Kg6 43. Rb5 Rxb5 44. cxb5 Rxb5 {[%emt 0:00:03][%mdl 4096] Endgame KRN-KRN} 45. Ka2 Nb6 46. Rd6+ f6 47. b3 {[%emt 0:00:07] Against Nc4} Nd5 48. Nd4 Ra5+ 49. Kb2 {[%emt 0:00:07] Hoping for Nc6.} Ne3 $1 50. b4 (50. g3 $5 ) 50... Rg5 {[%emt 0:00:56] aiming for ...Nc4+.} 51. b5 $2 {[%emt 0:01:47][%mdl 8192] Weighted Error Value: White=0.11 (very precise) /Black=0.14 (very precise)} (51. Kc3 $14) 0-1

[Event "31st MPL National U18 Chess-ch 2022"]
[Site "Pollachi"]
[Date "2022.04.20"]
[Round "6.6"]
[White "Apoorv Kamble"]
[Black "Rakshith Srinivasan"]
[Result "0-1"]
[ECO "C06"]
[WhiteElo "1679"]
[BlackElo "1856"]
[Annotator "NA RC COMBH"]
[PlyCount "114"]
[EventDate "2022.04.18"]
[EventCountry "IND"]
[SourceTitle "playchess.com"]
[Source "ChessBase"]
[SourceQuality "1"]
[TimeControl "5400+30"]

1. e4 e6 2. d4 d5 3. Nd2 Nf6 4. e5 Nfd7 5. Bd3 c5 6. c3 Nc6 7. Ne2 cxd4 8. cxd4 f6 9. exf6 Nxf6 10. Nf3 Bd6 11. b3 O-O 12. Bb2 Qc7 13. O-O Ng4 14. Ng3 g6 15. Qe2 Bd7 16. h3 {[%emt 0:01:22] [#]} (16. Ng5 $11 e5 17. h3) 16... Nxf2 $1 17. Qxf2 Bxg3 18. Qe2 Rae8 19. Ne5 Nxe5 20. dxe5 Qd8 21. Qe3 Qh4 22. Qxa7 {[%emt 0:00:00] [#]} Bc6 $1 23. Qd4 Rf4 24. Rxf4 Bxf4 25. Rf1 {[%emt 0:00:00] [#]} Rf8 (25... g5 $1 $17 26. Qf2 Qxf2+ 27. Kxf2 d4) 26. Rf3 $1 ({Not} 26. Qc5 $2 d4 27. Bc1 (27. Bxd4 $2 Qg3 $19) 27... Qg3 $19) 26... Rf7 27. Bc3 Qg5 28. a4 Bg3 29. Qg4 Qc1+ 30. Bf1 Rxf3 31. gxf3 Qxc3 32. Qxg3 $19 ({Not} 32. Qxe6+ $2 Kg7 33. Kg2 Qe1 34. Qe7+ Kh6 $19) 32... Qxb3 33. Qg4 (33. Qf4 $142) 33... Qe3+ 34. Kg2 Qxe5 35. Bb5 Bxb5 36. axb5 d4 37. Qh4 Qd6 38. Kf1 Qd5 39. Ke1 g5 40. Qg4 Kg7 41. h4 h6 (41... Qe5+ $142 42. Kd1 h6) 42. hxg5 hxg5 43. Kd1 Qe5 44. f4 Qf5 45. Qg2 Qb1+ 46. Ke2 Qc2+ 47. Kf3 Qxg2+ 48. Kxg2 gxf4 49. Kf3 d3 50. Kf2 e5 51. Ke1 f3 52. b6 e4 53. Kd1 f2 54. Kd2 f1=Q 55. Ke3 Qf3+ 56. Kd4 d2 57. Ke5 d1=Q 0-1

[Event "31st MPL National U18 Chess-ch 2022"]
[Site "Pollachi"]
[Date "2022.04.20"]
[Round "6.7"]
[White "Dinesh Rajan M"]
[Black "Arul Anandh S P K"]
[Result "0-1"]
[ECO "B41"]
[WhiteElo "1912"]
[BlackElo "1759"]
[Annotator "TA"]
[PlyCount "198"]
[EventDate "2022.04.18"]
[EventCountry "IND"]
[SourceTitle "playchess.com"]
[Source "ChessBase"]
[SourceQuality "1"]
[TimeControl "5400+30"]

1. e4 c5 2. Nf3 e6 3. d4 cxd4 4. Nxd4 a6 5. c4 Nf6 6. Nc3 Bb4 7. Bd3 {[%emt 0:03:39] 7.Bd3 was played by the boomers.} Qc7 8. O-O O-O {[%emt 0:01:16] B41: Sicilian: Kan Variation: 5 c4.} (8... Bxc3 $5 9. bxc3 d6 $11) 9. Bg5 Be7 10. Re1 d6 {[%emt 0:00:32] White is slightly better.} 11. Rc1 Nbd7 {[%emt 0:06:09] [#]} 12. Kh1 $146 {[%emt 0:06:31] [#]} (12. Be3 $14) ({Predecessor:} 12. Bf1 b6 13. b4 Bb7 14. f4 h6 15. Bh4 Rfe8 16. a3 Nxe4 17. Bxe7 Nxc3 18. Bxd6 Qxd6 19. Rxc3 {0-1 (52) Barabas,T (2041)-Tiba,V (2262) Hungary 2017}) 12... Ng4 $1 $15 13. Qxg4 Ne5 $1 14. Qg3 Bxg5 15. Rcd1 Bf6 16. f4 Qb6 17. Nb3 (17. fxe5 Bxe5 18. Qf2 (18. c5 $2 Qxc5 19. Qf3 Bxd4 $19) 18... Bxd4 $17) 17... Ng6 18. Qf3 Bd7 19. c5 (19. Bf1 $11 {remains equal.}) 19... dxc5 $17 20. e5 {[%emt 0:01:16] [#]} Bc6 $1 21. Be4 Bxe4 22. Nxe4 (22. Qxe4 $15 Be7 23. Rd7) 22... Be7 23. Rd7 (23. g3 $17) 23... Rab8 24. Qe3 Rfd8 25. Red1 (25. Rxd8+ $17 Rxd8 26. h3) 25... Rxd7 $19 26. Rxd7 Qc6 (26... Qb5 $19 27. Rd1 c4) 27. Rd2 $17 ({But not} 27. Nbxc5 $2 b6 28. Nxa6 Ra8 $19) 27... b6 28. h3 Qc7 29. a4 c4 30. Nd4 Rd8 31. Ne2 (31. Nc3 $142) 31... Rxd2 $19 32. Qxd2 Qc6 33. Qd4 (33. N4c3 $142) 33... Qxa4 34. Nd6 Qc6 (34... Qb4 $19 35. Ng1 a5) 35. Nxc4 (35. Qxc4 $17 Qxc4 36. Nxc4) 35... Nh4 36. Ne3 Ng6 $2 (36... g5 $19 37. Qc4 Qc5 38. Qxc5 (38. Qe4 $2 Ng6 $19) 38... Bxc5) 37. Kh2 $2 (37. Nc4 $1 $11) 37... Bc5 38. Qd8+ Nf8 39. Ng4 $2 (39. Qd2) 39... Qe4 40. Qg5 Ng6 ({Inferior is} 40... Qxe2 41. Nh6+ Kh8 42. Nxf7+ Kg8 43. Nh6+ Kh8 44. Nf7+ Kg8 45. Nh6+ Kh8 46. Nf7+ $11) (40... Kh8 $142 41. Ng3 Qd4) 41. Qd8+ Bf8 42. Qd2 h5 43. Nf2 Qc4 44. Nd3 b5 45. Qd1 Nh4 46. Ng3 (46. Ne1 $142) 46... Qd5 47. Qe2 g6 ({Not} 47... Nxg2 $2 48. Qe4 Qxe4 49. Nxe4) (47... a5 $19 {[%cal Oh4g2] Threatens to win with ...Nxg2!} 48. Qe4 Qc4 49. Qxc4 bxc4) 48. Ne4 $17 Be7 49. g4 hxg4 50. hxg4 a5 (50... g5 $1 $19 51. fxg5 Kg7) 51. Kg3 (51. Qe3 $17) 51... Qd8 $2 ({Black should play} 51... g5 $1 $19 52. Nxg5 Bxg5 53. fxg5 Ng6) 52. Qe3 $11 g5 53. fxg5 Ng6 54. Nf6+ Kg7 55. Nf4 (55. Qe4 $11) 55... Nxf4 $17 {[%emt 0:00:00] Dancing on a razor blade.} 56. Qxf4 (56. Kxf4 $17 Qc8 57. Nh5+ Kh8 58. Nf6 Qc4+ 59. Kg3) 56... Qd3+ $19 57. Kh4 Qb1 (57... a4 $19 {aiming for ...b4.} 58. Ne8+ Kf8) 58. Qf2 $2 (58. Ne8+ $17 {is the only way for White.} Kf8 59. Nd6) 58... Qc1 $2 (58... Kg6 $1 $19 {has better winning chances.} 59. Kh3 Qh1+ 60. Kg3 Bb4) 59. Qd4 $2 (59. Nh5+ $17 {was worth a try.} Kg6 60. Nf4+ Kh7 61. Nxe6) 59... Qh1+ $2 (59... Qe1+ $19 60. Kh3 Kg6) 60. Kg3 $17 Qe1+ 61. Kf3 Qf1+ 62. Kg3 Qe1+ 63. Kf3 $1 Bxf6 (63... Kg6 $17) 64. exf6+ $4 {[%emt 0:00:06][%mdl 12288] Endgame KQ-KQ} (64. gxf6+ $11 {and White stays safe.} Kh6 65. Qf4+ Kg6 66. Qh2 Qd1+ 67. Kg3 Qd3+ 68. Kf4 Qd4+ 69. Kf3 Qd1+ 70. Kg3 Qd3+ 71. Kf4 Qd4+ 72. Kf3 Qd3+ 73. Kf4) 64... Kg6 $19 65. Qd3+ (65. Qd7 {keeps fighting.} Qf1+ 66. Kg3) 65... Kxg5 66. Qxb5+ Kxf6 $2 (66... e5 $1 $19 {White must now prevent ...Qd1+.} 67. Qc4 Qd1+ 68. Kg3 Qg1+ 69. Kf3 Qh1+ 70. Ke3 Qh3+ 71. Kf2 Qh2+ 72. Kf3 Kxf6) 67. Qh5 $17 Qd1+ 68. Ke3 {[%emt 0:00:36] g5+ would kill now.} Qb3+ 69. Kf4 Qc4+ 70. Ke3 Qd5 71. Qh8+ Ke7 {[%emt 0:00:05] And now ...Qg5+ would win. &Nero is more active.} 72. Qb8 e5 73. Qb6 {[%emt 0:01:06] [#] Prevents Qd4+.} (73. Kf2 $17) 73... Qd6 (73... Qd8 $1 $19 {[%cal Rd8b6] and Black stays clearly on top.} 74. Qb7+ Kf6 75. Qf3+ Kg7) 74. Qb7+ $2 (74. Qxa5 $17 Qd4+ 75. Kf3) 74... Qd7 (74... Kf6 $142 {Strongly threatening ...Qd4+.} 75. Qf3+ Kg7) 75. Qe4 $2 (75. Qb6) 75... Qb5 $19 76. Qc2 Kd6 77. Qd2+ {[%emt 0:01:06] [#]} Qd5 $1 78. Qe2 Qd4+ 79. Kf3 Qf4+ 80. Kg2 Ke7 81. Kh3 Kf6 {[%emt 0:01:20] ...Kg5 is the strong threat.} 82. Qe1 (82. Qd3 {was the only chance.}) 82... Qf3+ 83. Kh4 $2 (83. Kh2 $19) 83... Qg2 84. g5+ Qxg5+ (84... Kf5 $142 85. Qg3 Qh1+ 86. Qh3+ Qxh3+ 87. Kxh3 Kxg5 88. Kg2 e4 89. Kf2 Kf5 90. Kg3 Ke5 91. Kg2 f5 92. Kf2 a4 93. Kg3 e3 94. Kg2 Ke4 95. Kf1 f4 96. Ke2 f3+ 97. Ke1 e2 98. Kd2 Kd4 99. b4 axb3 100. Ke1 b2 101. Kf2 b1=Q 102. Kg3 e1=Q+ 103. Kh3 Qf5+ 104. Kh2 Qh7#) 85. Kh3 Qf5+ 86. Kg3 Qf4+ 87. Kg2 a4 {[%emt 0:00:06] ( -> ...Kg5)} 88. Qa5 Qe4+ 89. Kf2 Qd4+ (89... Kf5 $142 90. Qa6 Qc2+ 91. Kg3 Qb3+ 92. Kh4 Qb4+ 93. Kg3 Kg5 94. Qa8 Qb3+ 95. Kf2 Qxb2+ 96. Kf3 Qb3+ 97. Ke4 Qc4+ 98. Ke3 Qd4+ 99. Kf3 Qd3+ 100. Kg2 a3 101. Kh2 Qc2+ 102. Kh3 a2 103. Qg8+ Kf4 104. Qg3+ Ke4 105. Qh4+ Kd3 106. Qd8+ Kc3 107. Qc7+ Kb2 108. Qb8+ Qb3+ 109. Qxb3+ Kxb3 110. Kg4 a1=Q 111. Kf5 Kc4 112. Kg5 Qf1 113. Kh6 Kd5 114. Kh7 Qg2 115. Kh8 Ke6 116. Kh7 Kf6 117. Kh8 Qg7#) 90. Kf3 Kf5 91. Qb5 Qe4+ (91... Qd1+ $142 92. Kg2 Qc2+ 93. Kh1 Kf4 94. Qf1+ Ke4 95. Qe1+ Kd3 96. Qg3+ Kd4 97. Qg1+ Kd5 98. Qg8 Qb1+ 99. Kh2 Qxb2+ 100. Kh3 Qb3+ 101. Kh4 Qc4+ 102. Kh3 Qf1+ 103. Kh2 Qf4+ 104. Kg1 Ke4 105. Qg2+ Kd3 106. Qg8 Ke3 107. Qc8 a3 108. Qh3+ Kd2 109. Qg2+ Ke1 110. Qa8 Qg3+ 111. Kh1 Kf2 112. Qa7+ Qe3 113. Qxf7+ Qf3+ 114. Qxf3+ Kxf3 115. Kh2 a2 116. Kh3 a1=Q 117. Kh4 Kf4 118. Kh5 Qa6 119. Kh4 Qh6#) 92. Kg3 Qf4+ 93. Kg2 Qd2+ 94. Kf3 Qd1+ 95. Kf2 Kf4 96. Qa6 Qc2+ 97. Kf1 Qb1+ 98. Kg2 Qg6+ 99. Qxg6 fxg6 {[%emt 0:00:06] Weighted Error Value: White=0.66/Black=0.42} 0-1

[Event "31st MPL National U18 Chess-ch 2022"]
[Site "Pollachi"]
[Date "2022.04.20"]
[Round "6.8"]
[White "Mahendra Teja Mekala"]
[Black "Vengatesh Krishnan C"]
[Result "1/2-1/2"]
[ECO "A01"]
[WhiteElo "1875"]
[BlackElo "1506"]
[Annotator "NA RC COMBH"]
[PlyCount "104"]
[EventDate "2022.04.18"]
[EventCountry "IND"]
[SourceTitle "playchess.com"]
[Source "ChessBase"]
[SourceQuality "1"]
[TimeControl "5400+30"]

1. b3 d5 2. Bb2 c5 3. e3 Nc6 4. Bb5 Qc7 5. f4 e6 6. Nf3 f6 7. O-O Bd6 8. Nh4 Qf7 (8... Nge7 $15) 9. c4 Nge7 10. Nc3 Bd7 11. cxd5 exd5 12. e4 d4 13. Bc4 Be6 14. Nb5 O-O-O 15. Nxd6+ Rxd6 16. Bxe6+ Qxe6 17. d3 b6 18. a3 Kb8 19. b4 cxb4 20. axb4 Nxb4 21. Ba3 Nec6 22. Qa4 a5 ({Less strong is} 22... Nxd3 23. Qa6 Ndb4 24. Bxb4 $18) 23. Rfb1 Kb7 {[%emt 0:00:00] [#]} (23... Kc7 $1 $14) 24. Bxb4 ({White should try} 24. Nf3 $1 $16 Rdd8 25. Nd2) 24... Nxb4 25. Nf5 (25. Rxb4 axb4 26. Qa7+ Kc6) 25... Rd7 $1 26. Qb5 (26. Rxb4 $11 axb4 27. h3) 26... Ra8 27. Rc1 (27. Rxa5 $17 Rxa5 28. Qxb4) 27... g6 28. Ng3 Rc7 29. Rxc7+ Kxc7 30. Ne2 Qd6 ({Black should try} 30... Rc8 $19 31. g3 (31. Nxd4 Qd6 $17) 31... Rd8) 31. e5 fxe5 32. fxe5 Qd5 33. Qxd5 Nxd5 34. Nxd4 Nb4 35. Rf1 Re8 36. Rf7+ {[%emt 0:00:00] [#]} Kb8 $1 37. e6 a4 ({Reject} 37... Nxd3 $6 38. Nc6+ Kc8 39. Na7+ Kb8 40. Nc6+ Kc8 41. Na7+ Kb8 42. Nc6+ $11) 38. e7 Kc8 (38... Nxd3 $2 39. Rf8 Kc8 40. Rxe8+ $18) 39. Nb5 Kd7 40. Rf4 Nc6 (40... Nxd3 $17 41. Rxa4 Rxe7 42. Ra7+ Ke6) 41. Rxa4 Rxe7 42. Ra6 Nb4 43. Rxb6 $11 Re1+ 44. Kf2 Nxd3+ 45. Kf3 Re5 46. Nd4 Nc5 47. Rb8 Rd5 48. Nc2 Rf5+ 49. Ke2 Ne6 50. Ne3 Rc5 51. Rh8 h5 52. g3 Ke7 1/2-1/2